[Event "FIN-ch 2018"]
[Site "Helsinki"]
[Date "2018.06.19"]
[Round "9"]
[White "Nyysti, Sampsa"]
[Black "Luukkonen, Tommi"]
[Result "1-0"]
[ECO "B23"]
[WhiteElo "2322"]
[BlackElo "2349"]
[Annotator "NA"]
[PlyCount "45"]
[EventDate "2018.06.13"]
[EventType "tourn"]
[EventCountry "FIN"]
[SourceTitle "playchess.com"]
[Source "ChessBase"]
[SourceQuality "1"]
[TimeControl "40/5400+30:1800+30"]

1. e4 c5 2. Nc3 d6 3. Nge2 a6 4. g3 b5 5. Bg2 Bb7 6. O-O Nf6 7. d4 cxd4 8. Nxd4 e6 9. Re1 {[%emt 0:01:31] B91: Sicilian Najdorf: 6 g3} Qd7 (9... Nbd7 10. e5 Bxg2 11. exf6 Bb7 12. fxg7 Bxg7 13. Nxe6 fxe6 14. Rxe6+ Kf8 15. Rxd6 Qc8 16. Rxd7 Qc6 17. Qd5 Qxd5 18. Nxd5 Bc6 19. Rd6 Rc8 20. Nb6 Rc7 21. Bf4 Bxb2 22. Re1 Kf7 23. Rde6 {1-0 (23) Artemiev,V (2691)-Korobov,A (2652) Riadh 2017}) 10. g4 $146 ({Predecessor:} 10. a4 b4 11. Na2 a5 12. Nb5 Nc6 13. c3 bxc3 14. Naxc3 Be7 15. Bf4 Rd8 16. Rc1 Nb4 {1-0 (30) Kalegin,E (2481)-Rychagov,A (2571) Kazan 2007}) 10... b4 11. Nd5 exd5 12. exd5+ Kd8 ({Nicht} 12... Be7 $2 13. Nf5 $18) 13. Nf5 (13. Bg5 $16) 13... h5 (13... a5 $1 $11) 14. Bg5 Qb5 15. c4 Qa5 16. a3 Nbd7 (16... hxg4 {ist wohl besser.} 17. Qe2 Qb6) 17. axb4 Qb6 18. Be3 Qc7 19. g5 g6 20. Nd4 Ng4 21. Nc6+ Bxc6 22. dxc6 Nxe3 23. Rxe3 $18 1-0